 Dungeon Crawl Stone Soup version 0.24-a0-486-ged8816983f (webtiles) character file.

Game seed: 5292700785334722865

30410 soark the Severer (level 13, -2/150 HPs)
             Began as a Demonspawn Fighter on July 9, 2019.
             Was a High Priest of Okawaru.
             Slain by a golden dragon zombie (illusionary) (7 damage)
             ... led by a necromancer
             ... on level 3 of the Abyss.
             The game lasted 00:35:18 (13467 turns).

soark the Severer (Demonspawn Fighter)             Turns: 13467, Time: 00:35:18

Health: -2/150     AC: 31    Str: 28    XL:     13   Next: 20%
Magic:  0/17       EV: 11    Int: 16    God:    Okawaru [*****.]
Gold:   900        SH:  0    Dex:  7    Spells: 12/12 levels left

rFire    + + .     SeeInvis .   Z - +12 battleaxe of Nuxkocad {protect, rF+ MR++ Dex-4 Stlth+}
rCold    . . .     Gourm    .   (shield currently unavailable)
rNeg     . . .     Faith    .   Q - +6 scale mail of the Flute {Regen+ Str+5 Dex-2}
rPois    +         Spirit   +   m - +1 hat
rElec    .         Reflect  .   v - +0 cloak
rCorr    .         Harm     .   x - +0 pair of gloves
MR       +++..                  K - +2 pair of boots
Stlth    ..........             S - amulet of guardian spirit
HPRegen  0.75/turn              X - ring of poison resistance
MPRegen  0.15/turn              P - ring "Fitwun" {MR+ Int+3}

@: berserking (expiring), protection aura, very quick
A: antennae 2, molten scales 2, fire resistance 1, powered by death 1, spiny 2
a: Heroism, Finesse, Renounce Religion


You were on level 3 of the Abyss.
You worshipped Okawaru.
Okawaru was extremely pleased with you.
You were not hungry.

You visited 3 branches of the dungeon, and saw 15 of its levels.
You visited the Abyss 1 time.
You also visited: Sewer and Ossuary.

You collected 900 gold pieces.

Inventory:

Hand Weapons
 F - a +7 flail of protection
 Z - the +12 battleaxe of Nuxkocad (weapon) {protect, rF+ MR++ Dex-4 Stlth+}
   (Okawaru gifted it to you on level 3 of the Lair of Beasts)

   It grants its wielder temporary protection when it strikes (+7 to AC).
   It affects your dexterity (-4).
   It protects you from fire.
   It affects your resistance to hostile enchantments.
   It makes you more stealthy.
Missiles
 D - a throwing net (quivered)
Armour
 m - a +1 hat (worn)
 v - a +0 cloak (worn)
 x - a +0 pair of gloves (worn)
 I - a +1 plate armour
 J - a +0 buckler
 K - a +2 pair of boots (worn)
 Q - the +6 scale mail of the Flute (worn) {Regen+ Str+5 Dex-2}
   (You found it on level 9 of the Dungeon)

   It affects your strength (+5).
   It affects your dexterity (-2).
   It increases your rate of regeneration.
Jewellery
 B - an uncursed ring of protection from fire
 P - the ring "Fitwun" (right hand) {MR+ Int+3}
   (You found it on level 9 of the Dungeon)

   [ring of intelligence]

   It affects your intelligence (+3).
   It affects your resistance to hostile enchantments.
 S - an amulet of guardian spirit (around neck)
 X - a ring of poison resistance (left hand)
Wands
 a - a wand of flame (17)
 j - a wand of clouds (6)
 y - a wand of paralysis (3)
 N - a wand of acid (10)
 O - a wand of digging (6)
 V - a wand of iceblast (6)
Scrolls
 c - 5 scrolls of enchant weapon
 g - a scroll of fear {unknown}
 h - 10 scrolls of teleportation
 i - 2 scrolls of blinking
 n - a scroll of summoning {unknown}
 q - 8 scrolls of remove curse
 u - a scroll of fog
 A - a scroll of noise {unknown}
 C - 3 scrolls of enchant armour
 E - a scroll of random uselessness {unknown}
 G - a scroll of vulnerability {unknown}
 L - a scroll of immolation {unknown}
 M - a scroll of torment {unknown}
 U - a scroll of holy word {unknown}
 W - 2 scrolls of silence {unknown}
 Y - 2 scrolls of magic mapping
Potions
 b - a potion of resistance
 d - 5 potions of might
 e - 3 potions of haste
 k - a potion of ambrosia
 o - 4 potions of brilliance
 p - a potion of flight
 r - 4 potions of agility
 s - 2 potions of berserk rage
 t - a potion of experience {unknown}
 w - 4 potions of curing
 z - 3 potions of invisibility
 H - 5 potions of heal wounds
Comestibles
 f - 31 rations
 l - a chunk of flesh


   Skills:
 - Level 8.9 Fighting
 * Level 16.1 Axes
 - Level 7.9 Armour
 - Level 2.6 Dodging
 - Level 4.0 Shields
 - Level 6.2 Invocations


You had 12 spell levels left.
You didn't know any spells.
Your spell library contained the following spells:

 Spells                   Type           Power        Failure   Level  Hunger
 Animate Skeleton         Necr           N/A          45%         1    ##.....
 Apportation              Tloc           #.....       45%         1    ##.....
 Confusing Touch          Hex            #.....       45%         1    ##.....
 Summon Small Mammal      Summ           #...         45%         1    ##.....
 Bolt of Magma            Conj/Fire/Erth #.........   100%        5    ######.
 Iskenderun's Battlesphe  Conj/Chrm      #.......     100%        5    ######.
 Venom Bolt               Conj/Pois      #.........   100%        5    ######.
 Iron Shot                Conj/Erth      #.........   100%        6    #######
 Orb of Destruction       Conj           #.........   100%        7    #######
 Spellforged Servitor     Conj/Summ      #.........   100%        7    #######


Dungeon Overview and Level Annotations

Branches:
Dungeon (9/15)             Temple (1/1) D:4            Lair (5/6) D:9
 Shoals (0/4) Lair:2       Spider (0/4) Lair:4
  Slime: Lair:5-6       Orc: D:9-12

Altars:
Ashenzari
Cheibriados
Dithmenos
Elyvilon
Fedhas
Gozag
Hepliaklqana
Kikubaaqudgha
Makhleb
Nemelex Xobeh
Okawaru
Qazlal
Ru
Sif Muna
Trog
Uskayaw
Vehumet
Wu Jian
Xom
Yredelemnul
Zin
The Shining One

Shops:
D:9 %


Innate Abilities, Weirdness & Mutations

You have a pair of antennae on your head.
You are mostly covered in molten scales. (AC +3)
Your flesh is heat resistant. (rF+)
You regenerate a little health from kills.
You are mostly covered in sharp spines.


Message History

The golden dragon zombie tramples you but does no damage.
You closely miss the rakshasa.
The rakshasa is almost dead.
You slash the golden dragon zombie! You slash the ice dragon zombie! x2
The rakshasa blinks!
The ice dragon zombie bites you but does no damage.
The ice dragon zombie closely misses you.
The ice dragon zombie tramples you but does no damage.
You hit the golden dragon zombie.
The golden dragon zombie is heavily damaged.
You hit the ice dragon zombie but do no damage.
You slice the ice dragon zombie!!
The ice dragon zombie is struck by your spines.
The ice dragon zombie bites you but does no damage.
The ice dragon zombie barely misses you. x2
You slice the golden dragon zombie!!
The golden dragon zombie is heavily damaged.
You slice the ice dragon zombie!! You hit the ice dragon zombie.
The golden dragon zombie bites you!
You die...

.# .. #.. ..# ###.#
.# ... #. #
...#.....##.
..#.##...#. .
#.#####....R......##
##..... ...##..# .
#..#.#....# #......
#...#.#.#.#.. #
#.#.Z@ZR...####. .
.. #.#Z#.......#.#.
.# ..#.x####... .#.#
..####.# ##.## . .#
.#. .# #.. #. . .. .
# .. . .. #.


You could see 2 rakshasas, a small abomination, 2 ice dragon zombies and a
golden dragon zombie.

Vanquished Creatures
  A rakshasa (Abyss:3)
  A hydra (Lair:5)
  2 catoblepae
  A centaur warrior (D:9)
  4 death yaks (Lair:5)
  Sonja (Lair:3)
  A sixfirhy (Abyss:3)
  A golden dragon zombie (Abyss:3)
  A necromancer (Abyss:3)
  A merfolk siren (Lair:2)
  7 elephants
  2 black mambas
  10 spiny frogs
  3 komodo dragons
  2 jumping spiders (Lair:4)
  A hornet (D:9)
  2 trolls (D:9)
  7 hippogriffs
  8 blink frogs
  A wyvern (Lair:4)
  5 redbacks (Lair:4)
  2 wraiths (D:9)
  20 yaks
  A vampire (D:9)
  A basilisk (Lair:4)
  2 hungry ghosts
  A vampire mosquito (D:9)
  Edmund (D:5)
  11 water moccasins
  Purgy (Sewer)
  10 porcupines
  An orc warrior (D:8)
  5 sky beasts
  A necrophage (D:9)
  3 ogres (D:7)
  3 wolves (Lair:3)
  8 crocodiles
  16 bullfrogs
  A wyvern zombie (D:6)
  A small abomination (Abyss:3)
  3 killer bees (D:8)
  A wight (D:9)
  A howler monkey (D:5)
  An electric eel (Lair:1)
  3 crimson imps
  A centaur zombie (D:5)
  A bullfrog zombie (D:7)
  6 orc priests
  Crazy Yiuf (D:3)
  8 orc wizards
  2 bullfrog skeletons
  4 hounds
  A centaur skeleton (D:4)
  7 iguanas
  6 worker ants
  2 big kobold zombies (Ossuary)
  2 hound skeletons
  8 mummies (Ossuary)
  A howler monkey zombie (D:7)
  7 gnolls
  6 adders
  2 river rats (D:4)
  2 adder skeletons
  5 worms
  2 dart slugs (D:1)
  9 leopard geckos
  26 orcs
  4 bats
  5 giant cockroaches
  15 goblins
  9 hobgoblins
  14 jackals
  11 quokkas
  2 ball pythons
  10 frilled lizards
  2 gnoll zombies (Ossuary)
  A jackal zombie (D:8)
  4 kobolds
  A kobold zombie (Ossuary)
  3 orc zombies (Ossuary)
  7 rats
  2 fungi (D:9)
  2 plants
361 creatures vanquished.

Notes
Turn   | Place    | Note
-------+----------+-------------------------------------------
     0 | D:1      | soark the Demonspawn Fighter began the quest for the Orb.
     0 | D:1      | Reached XP level 1. HP: 18/18 MP: 1/1
    84 | D:1      | Reached skill level 2 in Axes
   153 | D:1      | Gained mutation: You are partially covered in sharp spines.
                  | [demonic ancestry]
   153 | D:1      | Reached XP level 2. HP: 23/24 MP: 2/2
   281 | D:1      | Reached skill level 3 in Axes
   571 | D:2      | Reached XP level 3. HP: 20/29 MP: 3/3
  1577 | D:2      | Reached skill level 4 in Axes
  1577 | D:2      | Reached XP level 4. HP: 35/35 MP: 4/4
  1719 | D:3      | Gained mutation: You regenerate a little health from kills.
                  | [demonic ancestry]
  1719 | D:3      | Reached XP level 5. HP: 41/41 MP: 5/5
  1732 | D:3      | Reached skill level 5 in Axes
  2130 | D:3      | Found a blossoming altar of Fedhas.
  2365 | D:3      | Reached XP level 6. HP: 45/47 MP: 6/6
  2564 | D:3      | Found a runed translucent door.
  2565 | D:3      | Noticed Crazy Yiuf
  2575 | D:3      | Killed Crazy Yiuf
  2575 | D:3      | Reached skill level 6 in Axes
  2881 | D:4      | Found a glowing drain.
  2900 | Sewer    | Entered a sewer
  3024 | Sewer    | Noticed Purgy
  3033 | Sewer    | Killed Purgy
  3188 | D:4      | Reached skill level 7 in Axes
  3188 | D:4      | Gained mutation: You have a pair of small antennae on your
                  | head. [demonic ancestry]
  3188 | D:4      | Reached XP level 7. HP: 52/52 MP: 7/7
  3466 | D:4      | Found a staircase to the Ecumenical Temple.
  3475 | Temple   | Entered the Ecumenical Temple
  3791 | D:5      | Entered Level 5 of the Dungeon
  4051 | D:5      | Noticed Edmund
  4066 | D:5      | Killed Edmund
  4066 | D:5      | Reached skill level 8 in Axes
  4539 | D:5      | Gained mutation: You are partially covered in molten
                  | scales. (AC +2) [demonic ancestry]
  4539 | D:5      | Reached XP level 8. HP: 58/58 MP: 8/8
  5082 | D:6      | Reached skill level 9 in Axes
  5146 | D:6      | You fall into a shaft and drop 1 floor!
  5526 | D:7      | Reached skill level 10 in Axes
  5530 | D:7      | Reached XP level 9. HP: 64/64 MP: 9/9
  5608 | D:6      | Found an iron altar of Okawaru.
  5626 | D:6      | Became a worshipper of Warmaster Okawaru
  6162 | D:6      | Found a sparkling altar of Nemelex Xobeh.
  6797 | D:8      | Found a sand-covered staircase.
  6806 | Ossuary  | Entered an ossuary
  7146 | D:8      | Reached * piety under Okawaru
  7345 | D:8      | Reached skill level 5 in Armour
  7814 | D:9      | Reached skill level 5 in Fighting
  7818 | D:9      | Found a glowing golden altar of the Shining One.
  7847 | D:9      | Noticed a troll
  7853 | D:9      | Killed a troll
  7853 | D:9      | Reached skill level 11 in Axes
  8012 | D:9      | Found Heakhom's Food Emporium.
  8173 | D:9      | Reached ** piety under Okawaru
  8178 | D:9      | Reached skill level 1 in Invocations
  8191 | D:9      | Found a deep blue altar of Sif Muna.
  8238 | D:9      | Found a staircase to the Lair.
  8285 | D:9      | Gained mutation: You have a pair of antennae on your head.
                  | [demonic ancestry]
  8285 | D:9      | Reached XP level 10. HP: 60/74 MP: 9/11
  8517 | D:9      | Noticed a centaur warrior
  8524 | D:9      | Killed a centaur warrior
  8590 | D:9      | Got a pitted lead ring
  8607 | D:9      | Got an encrusted scale mail
  8618 | D:9      | Identified the +6 scale mail of the Flute {Regen+ Str+5
                  | Dex-2} (You found it on level 9 of the Dungeon)
  8654 | D:9      | Identified the ring "Fitwun" {MR+ Int+3} (You found it on
                  | level 9 of the Dungeon)
  8661 | D:9      | Noticed a catoblepas
  8674 | D:9      | Killed a catoblepas
  8989 | Lair:1   | Entered Level 1 of the Lair of Beasts
  9007 | Lair:1   | Reached *** piety under Okawaru
  9007 | Lair:1   | Reached skill level 12 in Axes
  9207 | Lair:1   | Gained mutation: You are mostly covered in molten scales.
                  | (AC +3) [demonic ancestry]
  9207 | Lair:1   | Reached XP level 11. HP: 83/83 MP: 14/14
  9236 | Lair:1   | Reached **** piety under Okawaru
  9878 | Lair:2   | Received a gift from Okawaru
 10453 | Lair:2   | Found a staircase to the Shoals.
 10473 | Lair:2   | Reached skill level 1 in Dodging
 10624 | Lair:3   | Reached ***** piety under Okawaru
 10740 | Lair:3   | Noticed a catoblepas
 10827 | Lair:3   | Reached skill level 13 in Axes
 10892 | Lair:3   | Killed a catoblepas
 10978 | Lair:3   | Noticed Sonja
 10987 | Lair:3   | Killed Sonja
 10987 | Lair:3   | Received a gift from Okawaru
 10990 | Lair:3   | Got a dazzling battleaxe {god gift}
 10996 | Lair:3   | Identified the +12 battleaxe of Nuxkocad {protect, rF+ MR++
                  | Dex-4 Stlth+} (Okawaru gifted it to you on level 3 of the
                  | Lair of Beasts)
 11076 | Lair:3   | Gained mutation: You are mostly covered in sharp spines.
                  | [demonic ancestry]
 11076 | Lair:3   | Reached XP level 12. HP: 61/94 MP: 8/15
 11862 | Lair:4   | Reached skill level 5 in Invocations
 11927 | Lair:4   | Found a hole to the Spider Nest.
 11932 | Lair:4   | Reached skill level 14 in Axes
 11952 | Lair:4   | Received a gift from Okawaru
 12973 | Lair:5   | Reached skill level 15 in Axes
 13071 | Lair:5   | Noticed a six-headed hydra
 13087 | Lair:5   | Killed a six-headed hydra
 13270 | Lair:5   | Noticed a death yak
 13270 | Lair:5   | Noticed a death yak
 13272 | Lair:5   | Noticed a death yak
 13272 | Lair:5   | Noticed a death yak
 13279 | Lair:5   | Killed a death yak
 13282 | Lair:5   | Killed a death yak
 13291 | Lair:5   | Killed a death yak
 13291 | Lair:5   | Gained mutation: Your flesh is heat resistant. (rF+)
                  | [demonic ancestry]
 13291 | Lair:5   | Reached XP level 13. HP: 80/100 MP: 7/17
 13297 | Lair:5   | Received a gift from Okawaru
 13378 | Lair:5   | Cast into level 3 of the Abyss (a distortion unwield)
 13380 | Abyss:3  | Noticed a bone dragon
 13454 | Abyss:3  | Reached skill level 16 in Axes
 13463 | Abyss:3  | HP: 3/150 [golden dragon zombie (illusionary)[a
                  | necromancer] (22)]
 13467 | Abyss:3  | Slain by a golden dragon zombie (illusionary)

Levels and vault maps discovered:
D:1:      minmay_arrival_pointy, layout_basic
D:2:      cheibrodos_greedy_goblins, layout_loops_ring
D:3:      layout_loops_ring, first_ration, fedhas_altar_1,
          uniq_crazy_yiuf_cottage
D:4:      layout_basic, temple_statues, portal_sewer_entry_b, minmay_bent
D:5:      layout_basic, uniq_edmund
D:6:      layout_basic, nemelex_altar_shiori, lemuel_crystal_altar,
          nicolae_sextant
D:7:      layout_cave_pools
D:8:      layout_loops_ring, lightli_ossuary_entry_decrepit_ruins
D:9:      minmay_tri_box, layout_loops_ring, lemuel_doored_altar,
          marbit_many_paths, dpeg_oklobed_lair, serial_shops,
          nicolae_shop_temple_entry_statues_fountains
Temple:   hc_temple_tempest_star
Lair:1:   layout_regular_city, infiniplex_staircase_pool_2, serial_bayou_shore_a
Lair:2:   layout_chaotic_city, minmay_shoals_entry_lonely_mermaid
Lair:3:   layout_cave_shapes, nicolae_lair_grove_arrangements,
          beast_lair_carwin_3, serial_bayou_shore_b, uniq_sonja
Lair:4:   layout_regular_city, nicolae_spider_entry_tight_spaces,
          lemuel_fruit_tree
Lair:5:   layout_cave_shapes
Abyss:3:  evilmike_abyss_exit_9

Skill      XL: |  1  2  3  4  5  6  7  8  9 10 11 12 13 |
---------------+----------------------------------------+-----
Axes           | 2 3 4 5 7 8 10 11 12 13 15 16 | 16.1
Armour         | 3 5 6 7 |  7.9
Shields        | 3 4 |  4.0
Fighting       | 5 6 8 |  8.9
Invocations    | 1 4 6 |  6.2
Dodging        | 2 |  2.6

Action                   |  1- 3 |  4- 6 |  7- 9 | 10-12 | 13-15 || total
-------------------------+-------+-------+-------+-------+-------++-------
Melee: War axe           |   104 |   136 |    52 |       |       ||   292
       Flail             |       |       |   334 |   289 |       ||   623
       Battleaxe         |       |       |       |   172 |    27 ||   199
Invok: Heroism           |       |       |       |     1 |       ||     1
       Finesse           |       |       |       |     1 |       ||     1
Evoke: Wand              |       |       |       |     3 |       ||     3
  Use: Scroll            |       |     3 |    12 |     8 |     1 ||    24
       Potion            |       |       |     1 |     1 |     1 ||     3
 Stab: Paralysed         |       |       |       |     2 |       ||     2
  Eat: Chunk             |     2 |     6 |    19 |    17 |       ||    44
Armor: Scale mail        |    40 |    33 |       |   265 |    40 ||   378
       Chain mail        |       |    44 |    30 |       |       ||    74
       Skin              |       |     1 |       |       |       ||     1
       Plate armour      |       |       |   194 |    30 |       ||   224
Dodge: Dodged            |    26 |    37 |    58 |   195 |    25 ||   341
Block: Shield            |    55 |    48 |    45 |       |       ||   148
       Buckler           |       |       |    51 |    57 |       ||   108

Table legend:
 A = Non-vault XP
 B = Vault XP
 C = Vault XP percentage of total XP
 D = Non-vault monster count
 E = Vault monster count
 F = Vault count percentage of total count
                 A         B        C        D         E       F
            +---------+---------+-------+---------+---------+-------
      Total |   36141 |    7303 |  16.8 |     288 |      69 |  19.3
            +---------+---------+-------+---------+---------+-------
        D:1 |      38 |       0 |   0.0 |      20 |       0 |   0.0
        D:2 |      48 |      18 |  27.3 |      21 |       9 |  30.0
        D:3 |     285 |      42 |  12.8 |      31 |       1 |   3.1
        D:4 |     172 |      77 |  30.9 |       8 |      11 |  57.9
        D:5 |     456 |     164 |  26.5 |      19 |       1 |   5.0
        D:6 |     718 |       0 |   0.0 |      22 |       0 |   0.0
        D:7 |    1283 |       0 |   0.0 |      24 |       0 |   0.0
        D:8 |     933 |       0 |   0.0 |      20 |       0 |   0.0
        D:9 |    2208 |    2278 |  50.8 |      18 |      10 |  35.7
     Lair:1 |    3175 |       0 |   0.0 |      20 |       0 |   0.0
     Lair:2 |    3668 |     514 |  12.3 |      19 |       1 |   5.0
     Lair:3 |    5983 |    2139 |  26.3 |      20 |       7 |  25.9
     Lair:4 |    4788 |    1716 |  26.4 |      17 |       7 |  29.2
     Lair:5 |    9215 |       0 |   0.0 |      24 |       0 |   0.0
    Abyss:3 |    3171 |       0 |   0.0 |       5 |       0 |   0.0
      Sewer |       0 |     155 | 100.0 |       0 |       6 | 100.0
    Ossuary |       0 |     200 | 100.0 |       0 |      16 | 100.0
            +---------+---------+-------+---------+---------+-------
